 Dungeon Crawl Stone Soup version 0.18.1-8-gdd0e5ea (webtiles) character file.

98 Flavorfulsole the Chopper (level 4, -8/36 HPs)
             Began as a Minotaur Chaos Knight on May 29, 2016.
             Mangled by an ogre
             ... wielding a +0 giant club
              (13 damage)
             ... on level 4 of the Dungeon.
             The game lasted 00:08:42 (2398 turns).

Flavorfulsole the Chopper (Minotaur Chaos Knight)   Turns: 2398, Time: 00:08:44

Health: -8/36      AC:  6    Str: 15    XL:     4   Next: 43%
Magic:  3/3        EV:  9    Int: 10    God:    Xom [...*..]
Gold:   255        SH:  7    Dex:  8    Spells: 0 memorised, 3 levels left

rFire  . . .     SeeInvis .     a - +0 hand axe (chaos)
rCold  . . .     Gourm    .     b - +3 leather armour
rNeg   + . .     Faith    .     f - +0 shield
rPois  .         Spirit   .     (helmet restricted)
rElec  .         Dismiss  .     (no cloak)
rCorr  .         Reflect  .     (no gloves)
SustAt .         Harm     .     (no boots)
MR     .....                    d - amulet of magic regeneration
Stlth  +.........               (no ring)
                                i - ring of positive energy

@: brilliant, lethally poisoned (-8 -> -16), not resistant to hostile
enchantments, very unstealthy
A: retaliatory headbutt, hooves 1, horns 2, clumsy 1, dopey 2, frail 1, weak 1
a: Renounce Religion


You were on level 4 of the Dungeon.
You worshipped Xom.
You were a favourite toy of Xom.
You were not hungry.

You visited 1 branch of the dungeon, and saw 4 of its levels.

You collected 255 gold pieces.

Inventory:

Hand Weapons
 a - a +0 hand axe of chaos (weapon)
 o - a +1 falchion of holy wrath
Missiles
 j - 6 steel javelins (quivered)
 p - 4 tomahawks
Armour
 b - a +3 leather armour (worn)
 f - a +0 shield (worn)
Jewellery
 d - an amulet of magic regeneration (around neck)
 i - a ring of positive energy (left hand)
Wands
 r - a wand of acid (7/15)
Scrolls
 e - 3 scrolls of identify
 g - a scroll of blinking
 l - a scroll of remove curse
 n - 2 scrolls of teleportation
 q - a scroll of fear {unknown}
Potions
 h - a potion of ambrosia
 k - a potion of might
 m - a potion of berserk rage
Comestibles
 c - 4 chunks of flesh


   Skills:
 + Level 4.3 Fighting
 + Level 4.6 Axes
 + Level 0.8 Throwing
 + Level 3.0 Armour
 + Level 2.3 Dodging
 + Level 1.0 Shields


You had 3 spell levels left.
You didn't know any spells.

Dungeon Overview and Level Annotations

Branches:
Dungeon (4/15)
 Temple: D:4-7

Altars:
Kikubaaqudgha
Xom


Innate Abilities, Weirdness & Mutations

You reflexively headbutt those who attack you in melee.
You have a pair of horns on your head.
You have large cloven feet.
You are clumsy. (Dex -2)
You are very dopey. (Int -4)
You are frail (-10% HP).
You are weak. (Str -2)


Message History

You block the ogre's attack.
You hit the ogre.
The ogre is lightly wounded.
You feel sick. You block the ogre's attack.
You hit the ogre.
The ogre is moderately wounded.
You feel sick. "Heh heh heh..."
The ogre looks rather confused.
The ogre seems less confused.
Your shield prevents you from hitting the ogre.
The ogre is moderately wounded.
You feel sick. The ogre hits you with a giant club!
* * * LOW HITPOINT WARNING * * *
You hit the ogre.
The ogre goes berserk!
Xom is highly amused!
The ogre is heavily wounded.
* * * LOW HITPOINT WARNING * * *
You feel sick. The ogre barely misses you. The ogre hits you with a giant club!
You die...
Xom chortles!

# .# .#
###########.#####
#.####................
#.......######........
..####..# #@.......
........# #O.......
#######.# #........
#....#.# #........
#.#..#.# #.....<..
#...<#.# #........
###.##.# #........
#....# #.......(
######


You could see an ogre (berserk).

Vanquished Creatures
  A worker ant (D:4)
  An adder (D:2)
  An ooze (D:2)
  3 worms
  A dart slug (D:2)
  3 giant geckos
  5 orcs (D:3)
  2 ball pythons (D:3)
  4 bats
  2 giant cockroaches
  4 hobgoblins
  A quokka (D:2)
  A giant newt (D:3)
  7 goblins
  3 kobolds
  5 rats
44 creatures vanquished.

Notes
Turn   | Place    | Note
--------------------------------------------------------------
     0 | D:1      | Flavorfulsole the Minotaur Chaos Knight began the quest for the Orb.
     0 | D:1      | Reached XP level 1. HP: 19/19 MP: 0/0
   143 | D:1      | XOM: harmless Ice miscast
   386 | D:1      | Reached XP level 2. HP: 25/27 MP: 1/1
   622 | D:2      | XOM: give mutations
   622 | D:2      | Gained mutation: You are dopey. (Int -2) [Xom's mischief]
   622 | D:2      | Gained mutation: You are clumsy. (Dex -2) [Xom's mischief]
   783 | D:2      | XOM: give mutations
   783 | D:2      | Gained mutation: You have large cloven feet. [Xom's mischief]
   783 | D:2      | Gained mutation: You are very dopey. (Int -4) [Xom's mischief]
   783 | D:2      | Gained mutation: You are weak. (Str -2) [Xom's mischief]
   783 | D:2      | Gained mutation: You are frail (-10% HP). [Xom's mischief]
   945 | D:2      | Reached XP level 3. HP: 24/29 MP: 2/2
  1027 | D:2      | Found an ancient bone altar of Kikubaaqudgha.
  1911 | D:3      | XOM: 1-stop teleportation journey
  2001 | D:3      | XOM: confuse monster(s)
  2015 | D:3      | XOM: scenery: create altars
  2026 | D:3      | XOM: harmless Tloc miscast
  2033 | D:3      | Reached XP level 4. HP: 33/36 MP: 3/3
  2388 | D:4      | XOM: noise
  2390 | D:4      | Noticed an ogre
  2392 | D:4      | Reached skill level 1 in Shields
  2394 | D:4      | XOM: silly message
  2396 | D:4      | XOM: confuse monster(s)
  2398 | D:4      | Mangled by an ogre

Skill      XL: |  1  2  3  4 |
---------------+-------------+-----
Axes           | 4 |  4.6
Fighting       | 4 |  4.3
Armour         | 3 |  3.0
Dodging        | 2 |  2.3
Shields        | 1 |  1.0
Throwing       | |  0.8

Action                   |  1- 3 |  4- 6 || total
-------------------------+-------+-------++-------
Melee: Hand axe          |    63 |    24 ||    87
       Headbutt          |     4 |     1 ||     5
       Kick              |     4 |     8 ||    12
Throw: Javelin           |    18 |       ||    18
  Use: Scroll            |     8 |       ||     8
       Potion            |     5 |     2 ||     7
  Eat: Bread ration      |     1 |       ||     1
       Chunk             |       |     1 ||     1
Armor: Leather armour    |    38 |     3 ||    41
Dodge: Dodged            |    47 |     4 ||    51
Block: Shield            |    21 |    10 ||    31
